 Dungeon Crawl Stone Soup version 0.13-a0-2537-g1f6edf4 (webtiles) character file.

145 Rycklaryybbe the Ruffian (level 4, -2/37 HPs)
             Began as a Draconian Monk on July 27, 2013.
             Was a Believer of Cheibriados.
             Slain by a gnoll
             ... wielding a +0,+0 club
              (9 damage)
             ... on Level 3 of the Dungeon.
             The game lasted 00:03:49 (1618 turns).

Rycklaryybbe the Ruffian (Draconian Monk)           Turns: 1618, Time: 00:03:49

HP  -2/37        AC  5     Str 18      XL: 4   Next: 24%
MP   3/3         EV 13     Int 15      God: Cheibriados [**....]
Gold 61          SH  0     Dex 17      Spells:  0 memorised,  3 levels left

Res.Fire  : . . .   See Invis. : .     - Unarmed
Res.Cold  : . . .   Warding    : .   (armour unavailable)
Life Prot.: . . .   Conserve   : .   (no shield)
Res.Poison: .       Res.Corr.  : .   (helmet restricted)
Res.Elec. : .       Clarity    : .   (no cloak)
Sust.Abil.: . .     Spirit.Shd : .   (no gloves)
Res.Mut.  : .       Stasis     : .   (no boots)
Res.Rott. : .       Flight     : .   (no amulet)
Saprovore : . . .                    (no ring)
                                     (no ring)

@: very slow, slightly resistant to hostile enchantments, fairly stealthy
A: unfitting armour, AC +5
a: Bend Time, Renounce Religion


You were on level 3 of the Dungeon.
You worshipped Cheibriados.
Cheibriados was most pleased with you.
You were not hungry.

You visited 1 branch of the dungeon, and saw 3 of its levels.

You collected 61 gold pieces.

Inventory:

Armour
 f - a +0 pair of gauntlets
Comestibles
 b - 2 bread rations
 k - a meat ration
Scrolls
 a - a scroll of enchant weapon II {unknown}
 c - a scroll of curse armour {unknown}
 d - a scroll of remove curse {unknown}
 h - a scroll of teleportation {unknown}
 i - a scroll of identify {unknown}
 j - a scroll of noise {unknown}
 m - a scroll of fog {unknown}
Jewellery
 g - an uncursed amulet of resist corrosion {unknown}
Potions
 e - a potion of heal wounds {unknown}
 l - a potion of cure mutation {unknown}


   Skills:
 - Level 3.2 Fighting
 - Level 2.6 Dodging
 - Level 1.7 Stealth
 + Level 5.8 Unarmed Combat


You had 3 spell levels left.
You didn't know any spells.

Dungeon Overview and Level Annotations

Branches:
Dungeon (3/27)

Altars:
Cheibriados
Elyvilon


Message History

A goblin comes into view.
The gnoll shouts!
The gnoll hits you with a club.
You hit the gnoll.
The gnoll is heavily wounded.
You hit the gnoll.
You kill the gnoll!
Cheibriados appreciates the change of pace.
The gnoll barely misses you.
You hit the gnoll but do no damage. The gnoll hits you with a club!
You barely miss the gnoll. The gnoll hits you with a club.
The gnoll hits you with a club.
* * * LOW HITPOINT WARNING * * *
You are too injured to fight recklessly!
You are too injured to fight recklessly!
The gnoll misses you. The gnoll misses you.
The goblin hits you but does no damage.
There is a stone staircase leading up here.
The gnoll hits you but does no damage. The gnoll hits you with a club!
You die...

. .... #.... #....
.##....
.......########## .
#..............
.....#...g..$......
#....@g.).......
.........g.........
#####............
...............
#.##............ .
.............
............
##......... .....


You could see 2 gnolls and a goblin.

Vanquished Creatures
  A gnoll (D:3)
  2 adders (D:2)
  A giant gecko (D:1)
  An ooze (D:1)
  3 ball pythons
  3 bats
  3 giant cockroaches
  9 goblins
  9 hobgoblins
  6 jackals
  6 kobolds
  2 quokkas (D:2)
  4 giant newts
  7 rats
57 creatures vanquished.

Notes
Turn   | Place    | Note
--------------------------------------------------------------
     0 | D:1      | Rycklaryybbe, the Draconian Monk, began the quest for the Orb.
     0 | D:1      | Reached XP level 1. HP: 17/17 MP: 0/0
   125 | D:1      | Reached XP level 2. HP: 14/24 MP: 1/1
   630 | D:1      | Reached skill level 5 in Unarmed Combat
   667 | D:1      | Reached XP level 3. HP: 30/30 MP: 2/2
  1337 | D:2      | Reached XP level 4. HP: 32/37 MP: 3/3
  1444 | D:2      | Found a white marble altar of Elyvilon.
  1445 | D:2      | Found a snail-covered altar of Cheibriados.
  1450 | D:2      | Became a worshipper of Cheibriados the Contemplative
  1450 | D:2      | Acquired Cheibriados' first power
  1618 | D:3      | Slain by a gnoll

Action                   |  1- 3 |  4- 6 || total
-------------------------+-------+-------++-------
Melee: Unarmed           |   151 |    38 ||   189
  Use: Potion            |     3 |       ||     3
 Stab: Sleeping          |     3 |     1 ||     4
